 Dungeon Crawl Stone Soup version 0.31-a0-263-ge8cad7f256 (webtiles) character file.

Game seed: 694908019649814194

355 LeprechaunX the Changeling (level 6, -1/42 HPs)
             Began as an Octopode Shapeshifter on July 13, 2023.
             Was an Initiate of Cheibriados.
             Slain by a gnoll
             ... wielding a +0 spear
             ... led by a gnoll bouda
              (5 damage)
             ... on level 4 of the Dungeon.
             The game lasted 00:06:00 (2642 turns).

LeprechaunX the Changeling (Octopode Shapeshifter)  Turns: 2642, Time: 00:06:01

Health: -1/42      AC:  1    Str: 15    XL:     6   Next: 63%
Magic:  6/6        EV: 14    Int: 12    God:    Cheibriados [......]
Gold:   187        SH:  0    Dex: 15    Spells: 5/5 levels left

rFire   . . .        t - +4 spear (flame)
rCold   . . .        v - orb {*Rage}
rNeg    . . .        (helmet currently unavailable)
rPois   .            (no amulet)
rElec   .            (no ring)
rCorr   .            (no ring)
SInv    .            (no ring)
Will    .....        (no ring)
Stlth   ++           (no ring)
HPRegen 0.27/turn    (no ring)
MPRegen 0.10/turn    (no ring)
                     (no ring)

%: random rage (20%)
@: beast-form, on berserk cooldown, slowed, very slow
A: beast (slay +3), almost no armour, amphibious, 8 rings, camouflage 1,
gelatinous body 1, (nimble swimmer 1), tentacles
a: Begin Untransformation, Renounce Religion


You were on level 4 of the Dungeon.
You worshipped Cheibriados.
Cheibriados was noncommittal.
You were a hulking beast.
You visited 2 branches of the dungeon, and saw 5 of its levels.

You collected 187 gold pieces.

Inventory:

Hand Weapons
 j - a +0 mace of protection
 t - a +4 spear of flaming (weapon)
Missiles
 i - 4 boomerangs (quivered)
Armour
 v - an orb of wrath (worn)
Talismans
 b - a beast talisman
Wands
 r - a wand of flame (15)
Scrolls
 e - a scroll of acquirement {unknown}
 f - 3 scrolls of teleportation {unknown}
 g - a scroll of fog {unknown}
 h - 5 scrolls of identify {unknown}
 k - a scroll of silence {unknown}
 m - a scroll of enchant armour {unknown}
 o - 2 scrolls of blinking {unknown}
 p - a scroll of fear {unknown}
 s - 3 scrolls of vulnerability {unknown}
 y - a scroll of revelation {unknown}
Potions
 c - 3 potions of invisibility {unknown}
 d - a potion of cancellation {unknown}
 l - a potion of mutation {unknown}
 n - a potion of enlightenment {unknown}
 q - 2 potions of might {unknown}
 u - 2 potions of berserk rage {unknown}
 w - a potion of heal wounds {unknown}
 x - a potion of brilliance {unknown}


   Skills:
 + Level 3.1 Fighting
 + Level 3.1 Dodging
 * Level 4.1 Unarmed Combat
 + Level 1.1 Invocations
 * Level 4.3 Shapeshifting


You had 5 spell levels left.
You didn't know any spells.
Your spell library was empty.

Dungeon Overview and Level Annotations

Branches:
Dungeon (4/15)             Temple (1/1) D:4

Altars:
Ashenzari
Cheibriados
Dithmenos
Elyvilon
Fedhas
Hepliaklqana
Qazlal
Sif Muna
Trog
Vehumet

Shops:
D:1 *


Innate Abilities, Weirdness & Mutations

You are a hulking beast.
Your limbs bulge with bestial killing power. (Slay +3)
You cannot wear most types of armour.
You are amphibious.
You can wear up to eight rings at the same time.
Your skin changes colour to match your surroundings (Stealth+).
Your rubbery body absorbs attacks. (AC +1, EV +1)
((You are camouflaged when in or above water. (Stealth+)))
You have tentacles for arms and can constrict up to eight enemies at once.


Message History

The sling bullet hits you but does no damage.
The gnoll hits you but does no damage.
You swing at nothing.
The gnoll hits you but does no damage.
You puncture the orc! You burn the orc.
You kill the orc!
Cheibriados thoroughly appreciates the change of pace.
The gnoll hits you from afar with a +0 spear.
You puncture the goblin! You burn the goblin.
You kill the goblin!
Cheibriados appreciates the change of pace.
You feel less wooden.
You turn into a hulking beast.
The gnoll misses you. The dart slug launches a dart at you.
The slug dart misses you.
You swing at nothing.
You are no longer berserk.
You are exhausted.
You feel yourself slow down.
The gnoll hits you from afar with a +0 spear.
You swing at nothing.
The gnoll hits you from afar with a +0 spear.
The dart slug launches a dart at you. The slug dart hits you.
* * * LOW HITPOINT WARNING * * *
The gnoll barely misses you.
You puncture the dart slug! You burn the dart slug. You grab the dart slug.
You squeeze the dart slug.
You kill the dart slug!
The gnoll hits you from afar with a +0 spear.
* * * LOW HITPOINT WARNING * * *
You swing at nothing.
The gnoll hits you from afar with a +0 spear.
* * * LOW HITPOINT WARNING * * *
The gnoll misses you.
You are too injured to fight recklessly!
You are too injured to fight recklessly!
The gnoll completely misses you.
You swing at nothing.
The gnoll barely misses you. The gnoll hits you with a +0 spear.
You die...

... #.# #.# #.# #. #.#
#..#.#### #.#
#....).#### #.# ..
###..).gh.###.# ..
#....##..#..# ..
....######...########.
#. ###. ##..#........
#. g #.....# #. .
#.#.#.## #^ gg
.....#..#### ###.
####.###....# #... #.
####.###.##


You could see a gnoll.

Vanquished Creatures
  An ice beast (D:4)
  A gnoll bouda (D:4)
  A hound (D:3)
  Jessica (D:2)
  Ijyb (D:3)
  Robin (D:3)
  4 gnolls (D:4)
  An adder (D:3)
  2 worms (D:3)
  3 dart slugs
  4 orcs
  4 ball pythons
  5 endoplasms
  2 giant cockroaches
  16 goblins
  5 hobgoblins
  5 kobolds
  3 quokkas
  3 bats
  15 frilled lizards
  A rat (D:3)
79 creatures vanquished.

Notes
Turn   | Place    | Note
-------+----------+-------------------------------------------
     0 | D:1      | LeprechaunX the Octopode Shapeshifter began the quest for
                  | the Orb.
     0 | D:1      | Reached XP level 1. HP: 14/14 MP: 1/1
   147 | D:1      | Reached XP level 2. HP: 19/19 MP: 2/2
   303 | D:1      | Found Rouc's Assorted Antiques.
   570 | D:1      | Reached XP level 3. HP: 23/24 MP: 3/3
  1319 | D:2      | Noticed Jessica
  1326 | D:2      | Killed Jessica
  1327 | D:2      | Reached XP level 4. HP: 13/30 MP: 4/4
  1603 | D:3      | Noticed Ijyb
  1613 | D:3      | Killed Ijyb
  1845 | D:3      | Noticed Robin
  1852 | D:3      | Reached XP level 5. HP: 35/35 MP: 5/5
  1854 | D:3      | Killed Robin
  2501 | D:4      | Found a staircase to the Ecumenical Temple.
  2524 | Temple   | Entered the Ecumenical Temple
  2532 | Temple   | Became a worshipper of Cheibriados the Contemplative
  2606 | D:4      | Noticed an ice beast
  2626 | D:4      | Killed an ice beast
  2627 | D:4      | Reached skill level 1 in Invocations
  2627 | D:4      | Reached XP level 6. HP: 42/42 MP: 6/6
  2639 | D:4      | HP: 2/42 [gnoll/+0 spear[a gnoll bouda] (4)]
  2642 | D:4      | Slain by a gnoll

Illustrated notes

Levels and vault maps discovered:
D:1:      minmay_arrival_open_corners, layout_basic, serial_shops,
          shop_fountains, minmay_lizard_king
D:2:      layout_rooms, chequers_serial_rivers_micro_a, kennysheep_nub,
          uniq_jessica
D:3:      layout_loops_ring, grunt_ministairs_3, uniq_robin, uniq_ijyb
D:4:      layout_rooms, minmay_temple_entry_arrows
Temple:   compressed_dpeg_triangle_lava_temple

Skill      XL: |  1  2  3  4  5 |
---------------+----------------+-----
Unarmed Combat | 3 4 |  4.1
Shapeshifting  | 4 |  4.3
Fighting       | 3 |  3.1
Dodging        | 3 |  3.1
Invocations    | 1 |  1.1

Action                     |  1- 3 |  4- 6 || total
---------------------------+-------+-------++-------
  Melee: Unarmed           |    36 |       ||    36
         Constrict         |    17 |    14 ||    31
         Tentacles         |    14 |    13 ||    27
         Punch             |     1 |     1 ||     2
         Mace              |    17 |    43 ||    60
         Spear             |       |    34 ||    34
  Throw: Boomerang         |       |     7 ||     7
    Use: Potion            |       |     1 ||     1
   Stab: Sleeping          |     3 |     9 ||    12
 Armour: Skin              |     7 |    23 ||    30
  Dodge: Dodged            |    29 |    41 ||    70

Table legend: (Time is in decaauts)
 A = Elapsed time spent in this place.
 B = Non-inter-level travel time spent in this place.
 C = Inter-level travel time spent in this place.
 D = Time resting spent in this place.
 E = Time spent auto-exploring this place.
 F = Levels seen in this place.
 G = Mean time per level.
                   A        B        C        D        E       F      G
               +--------+--------+--------+--------+--------+-----+--------+
         Total |   2689 |   2549 |    140 |      0 |   2083 |   5 |  537.8 |
       Dungeon |   2669 |   2536 |    133 |      0 |   2083 |   4 |  667.2 |
        Temple |     19 |     12 |      7 |      0 |      0 |   1 |   19.0 |
               +--------+--------+--------+--------+--------+-----+--------+

Top non-repeatable levels by time:
     D:3: 949 daAuts
     D:1: 881 daAuts
     D:2: 656 daAuts
     D:4: 182 daAuts
  Temple: 19 daAuts
